 Dungeon Crawl Stone Soup version 0.30-a0-374-g95c0257040 (webtiles) character file.

Game seed: 8030251515481276195

960 NinjaNoafa the Grappler (level 7, 0/66 HPs)
             Began as a Troll Monk on Nov 26, 2022.
             Slain by a gnoll bouda
             ... wielding a +2 whip of freezing
              (2 damage)
             ... on level 4 of the Dungeon.
             The game lasted 00:06:38 (2760 turns).

NinjaNoafa the Grappler (Troll Monk)                Turns: 2760, Time: 00:06:39

Health: 0/66       AC:  4    Str: 20    XL:     7   Next: 92%
Magic:  0/6        EV: 10    Int:  6    God:
Gold:   32         SH:  0    Dex: 14    Spells: 6/6 levels left

rFire   + + .      SeeInvis .      - Unarmed
rCold   . . .      Faith    .    (no shield)
rNeg    . . .      Spirit   +    a - +0 robe
rPois   .          Reflect  .    (helmet restricted)
rElec   .          Harm     .    k - +0 cloak
rCorr   .          Rampage  .    (gloves unavailable)
Will    .....                    (boots unavailable)
Stlth   ++........               p - amulet of guardian spirit
HPRegen 1.11/turn                (no ring)
MPRegen 0.10/turn                (no ring)

@: weakened
A: large, unfitting armour, claws 3, regeneration 1, shaggy fur 1, tough skin 1,
deformed body, fire resistance 2
a: no special abilities


You were on level 4 of the Dungeon.
You visited 1 branch of the dungeon, and saw 5 of its levels.

You collected 147 gold pieces.
You spent 115 gold pieces at shops.

Inventory:

Missiles
 f - 42 stones (quivered)
 g - 9 poisoned darts
Armour
 a - a +0 robe (worn)
 k - a +0 cloak (worn)
Jewellery
 p - an amulet of guardian spirit (around neck)
Wands
 h - a wand of mindburst (7)
Scrolls
 c - 8 scrolls of identify {unknown}
 e - 3 scrolls of poison {unknown}
 i - 3 scrolls of teleportation {unknown}
 j - 2 scrolls of immolation {unknown}
 m - 2 scrolls of noise {unknown}
 o - 2 scrolls of blinking {unknown}
Potions
 b - 3 potions of flight
 d - a potion of mutation


   Skills:
 - Level 2.4 Fighting
 - Level 2.4 Dodging
 - Level 1.0 Stealth
 + Level 9.6 Unarmed Combat


You had 6 spell levels left.
You didn't know any spells.
Your spell library contained the following spells:

 Spells                   Type           Power      Damage    Failure   Level
 Ensorcelled Hibernation  Hex/Ice        0%         N/A       58%         2
 Passwall                 Tmut/Erth      0%         N/A       58%         2
 Swiftness                Air            0%         N/A       83%         3


Dungeon Overview and Level Annotations

Branches:
Dungeon (5/15)
 Temple: D:4-7

Altars:
Yredelemnul

Shops:
D:2 *


Innate Abilities, Weirdness & Mutations

You are too large for most types of armour.
You have claws for hands.
Your natural rate of healing is unusually fast.
You are covered in fur. (AC +1)
You have tough skin. (AC +1)
Armour fits poorly on your strangely shaped body.
Your flesh is very heat resistant. (rF++)


Message History

A gnoll bouda comes into view. It is wielding a +2 whip of freezing.
The quokka bites you.
You see here a +0 giant club.
You closely miss the quokka. Your claw misses the quokka. The quokka bites you.
The gnoll barely misses you.
The quokka bites you but does no damage.
There is a stone staircase leading up, spattered with blood here.
The gnoll closely misses you. The quokka bites you.
The gnoll bouda barks out a call to the hunt!
The gnoll picks up the pace!
You hear a shout!
You climb upwards.
There is a stone staircase leading down here.
You closely miss the gnoll bouda.
The quokka bites you but does no damage.
The gnoll bouda hits you with a +2 whip of freezing!
* * * LOW HITPOINT WARNING * * *
The gnoll bouda freezes you.
* * * LOW HITPOINT WARNING * * *
The gnoll barely misses you. The quokka bites you.
* * * LOW HITPOINT WARNING * * *
The gnoll hits you with a +0 flail.
* * * LOW HITPOINT WARNING * * *
The gnoll bouda attacks as you move away!
The gnoll bouda closely misses you.
The gnoll bouda gazes fiercely through you!
You feel your attacks grow feeble. The quokka bites you.
* * * LOW HITPOINT WARNING * * *
The gnoll barely misses you. The gnoll attacks as you move away!
The gnoll closely misses you.
The gnoll bouda gazes fiercely through you!
You feel as though you will be weak longer.
Okay, then.
The gnoll bouda attacks as you move away!
The gnoll bouda hits you with a +2 whip of freezing!
* * * LOW HITPOINT WARNING * * *
The gnoll bouda freezes you.
You die...

##....###..###.....#........
#....#...#####....#........
#....#.......+.............
######....#..######....##.....>.
#............# #....##.......
#.....###..#)### #....##.......
#.....###.>....####....##.......
#.........[..........###........
#####.........g@...#.# #.#......
#........rg###.#.# #.#......
#.........## #<#.###.#######
#.........# #.#.....#
#.........# #.#######
###.......# #.# #...P.### #.#
#..P.P# #.# #.....# #.#


You could see a gnoll bouda, a gnoll (swift) and a quokka.

Vanquished Creatures
  Grinder (D:4)
  Sigmund (D:2)
  An ogre (D:5)
  A water moccasin zombie (D:4)
  A bullfrog zombie (D:4)
  A hound (D:3)
  2 bullfrog skeletons (D:4)
  An orc priest (D:4)
  A centaur skeleton (D:4)
  An iguana (D:4)
  3 scorpion zombies (D:4)
  An orc wizard (D:4)
  3 hound zombies (D:4)
  A howler monkey zombie (D:4)
  Robin (D:2)
  3 adders
  2 adder zombies (D:4)
  2 adder skeletons (D:4)
  A worm (D:2)
  A dart slug (D:1)
  3 orcs
  10 bats
  4 endoplasms
  5 giant cockroaches
  14 goblins
  8 hobgoblins
  2 quokkas
  5 ball pythons
  3 frilled lizards
  3 kobolds
  5 rats
91 creatures vanquished.

Vanquished Creatures (others)
  A withered plant (D:4)
1 creature vanquished.

Grand Total: 92 creatures vanquished

Notes
Turn   | Place    | Note
-------+----------+-------------------------------------------
     0 | D:1      | NinjaNoafa the Troll Monk began the quest for the Orb.
     0 | D:1      | Reached XP level 1. HP: 22/22 MP: 0/0
   265 | D:1      | Reached XP level 2. HP: 29/29 MP: 1/1
   513 | D:1      | Reached skill level 4 in Unarmed Combat
   830 | D:2      | Found Abankesk's Assorted Antiques.
   848 | D:2      | Reached XP level 3. HP: 36/36 MP: 2/2
   989 | D:2      | Noticed Robin
   997 | D:2      | Noticed Sigmund
  1002 | D:2      | Killed Robin
  1025 | D:2      | Gained mutation: Armour fits poorly on your strangely
                  | shaped body. [potion of mutation]
  1025 | D:2      | Gained mutation: Your flesh is heat resistant. (rF+)
                  | [potion of mutation]
  1025 | D:2      | Gained mutation: Your flesh is very heat resistant. (rF++)
                  | [potion of mutation]
  1063 | D:2      | Killed Sigmund
  1064 | D:2      | Reached skill level 6 in Unarmed Combat
  1064 | D:2      | Reached XP level 4. HP: 35/44 MP: 3/3
  1064 | D:2      | Reached XP level 5. HP: 40/50 MP: 4/4
  1089 | D:2      | Identified the +4 mace of Kesmaim {spect, Dex+4}
  1621 | D:3      | Found a basalt altar of Yredelemnul.
  2004 | D:4      | Reached XP level 6. HP: 52/59 MP: 5/5
  2021 | D:3      | Reached skill level 7 in Unarmed Combat
  2057 | D:2      | Bought a dented bronze amulet for 115 gold pieces
  2280 | D:4      | Reached skill level 8 in Unarmed Combat
  2356 | D:4      | Noticed Grinder
  2363 | D:4      | Killed Grinder
  2364 | D:4      | Reached XP level 7. HP: 60/66 MP: 4/6
  2387 | D:4      | Reached skill level 9 in Unarmed Combat
  2723 | D:5      | Entered Level 5 of the Dungeon
  2760 | D:4      | HP: 2/66 [gnoll bouda/+2 whip of freezing (6)]
  2760 | D:4      | Slain by a gnoll bouda

Illustrated notes

Levels and vault maps discovered:
D:1:      eino_arrival_cavern_e, layout_basic
D:2:      layout_rooms, serial_shops, shop, minmay_misc_feat_enclosed,
          uniq_robin, uniq_sigmund
D:3:      layout_basic, mainiacjoe_overflow_six_doors_small
D:4:      layout_basic, serial_undead, serial_undead_d, serial_undead_b,
          serial_undead_d, serial_undead_d, serial_undead_d, serial_undead_c,
          serial_undead_c, uniq_grinder
D:5:      layout_rooms, uniq_crazy_yiuf_cottage

Skill      XL: |  1  2  3  4  5  6  7 |
---------------+----------------------+-----
Unarmed Combat | 4 6 8 9 |  9.6
Fighting       | |  2.4
Dodging        | |  2.4
Stealth        | |  1.0

Action                   |  1- 3 |  4- 6 |  7- 9 || total
-------------------------+-------+-------+-------++-------
Melee: Unarmed           |   108 |   113 |    42 ||   263
       Punch             |       |     2 |       ||     2
Throw: Stone             |     1 |       |       ||     1
Evoke: Wand              |       |     3 |       ||     3
  Use: Potion            |     3 |     3 |       ||     6
 Stab: Sleeping          |     3 |     4 |       ||     7
Armor: Robe              |    62 |    35 |     6 ||   103
Dodge: Dodged            |    79 |    71 |    26 ||   176

Table legend: (Time is in decaauts)
 A = Elapsed time spent in this place.
 B = Non-inter-level travel time spent in this place.
 C = Inter-level travel time spent in this place.
 D = Time resting spent in this place.
 E = Time spent auto-exploring this place.
 F = Levels seen in this place.
 G = Mean time per level.
                   A        B        C        D        E       F      G
               +--------+--------+--------+--------+--------+-----+--------+
         Total |   2717 |   2541 |    176 |      8 |   1792 |   5 |  543.4 |
       Dungeon |   2717 |   2541 |    176 |      8 |   1792 |   5 |  543.4 |
               +--------+--------+--------+--------+--------+-----+--------+

Top non-repeatable levels by time:
     D:1: 781 daAuts
     D:3: 694 daAuts
     D:2: 627 daAuts
     D:4: 603 daAuts
     D:5: 10 daAuts
